 Dungeon Crawl Stone Soup version 0.29-a0-284-gf9362112df (webtiles) character file.

Game seed: 11942557611159405237

1123 spaghetti the Nimble (level 8, 0/78 HPs)
             Began as an Octopode Delver on Mar 19, 2022.
             Was a Priest of Dithmenos.
             Slain by a gnoll
             ... wielding a +0 spear
              (3 damage)
             ... on level 6 of the Dungeon.
             The game lasted 00:09:09 (4385 turns).

spaghetti the Nimble (Octopode Delver)              Turns: 4385, Time: 00:09:10

Health: 0/78       AC:  1    Str: 11    XL:     8   Next: 35%
Magic:  8/8        EV: 17    Int: 12    God:    Dithmenos [***...]
Gold:   288        SH: 12    Dex: 16    Spells: 7/7 levels left

rFire   . . .      SeeInvis +   a - +1 short sword {short}
rCold   . . .      Faith    .   q - +2 buckler of Failure {+Inv Regen+}
rNeg    . . .      Spirit   .   (helmet restricted)
rPois   .          Reflect  +   l - amulet of reflection
rElec   .          Harm     .   m - ring of see invisible
rCorr   .          Rampage  .   (no ring)
Will    .....                   (no ring)
Stlth   ..........              (no ring)
HPRegen 1.03/turn               (no ring)
MPRegen 0.11/turn               (no ring)
                                (no ring)
                                (no ring)

@: berserking, very slightly contaminated, wreathed by umbra, very quick
A: almost no armour, amphibious, 8 rings, camouflage 1, gelatinous body 1,
(nimble swimmer 1), tentacles
a: Renounce Religion, Evoke Invisibility, Shadow Step


You were on level 6 of the Dungeon.
You worshipped Dithmenos.
Dithmenos was most pleased with you.
You visited 1 branch of the dungeon, and saw 7 of its levels.

You collected 288 gold pieces.


Innate Abilities, Weirdness & Mutations

You cannot wear most types of armour.
You are amphibious.
You can wear up to eight rings at the same time.
Your skin changes colour to match your surroundings (Stealth+).
Your rubbery body absorbs attacks. (AC +1, EV +1)
((You are camouflaged when in or above water. (Stealth+)))
You have tentacles for arms and can constrict up to eight enemies at once.


   Skills:
 - Level 3.0 Fighting
 - Level 2.0 Short Blades
 + Level 8.5 Dodging
 - Level 6.6 Stealth
 + Level 3.1 Shields
 + Level 3.4 Evocations


You had 7 spell levels left.
You didn't know any spells.
Your spell library contained the following spells:

 Spells                   Type           Power      Damage    Failure   Level
 Pain                     Necr           0%         1d4       41%         1
 Frozen Ramparts          Ice            0%         1d2       78%         3
 Ice Form                 Ice/Tmut       0%         N/A       99%         4
 Summon Ice Beast         Ice/Summ       0%         N/A       99%         4
 Agony                    Necr           0%         N/A       100%        5
 Excruciating Wounds      Necr           0%         N/A       100%        5

Inventory:

Hand Weapons
 a - a +1 short sword (weapon) {short}
 e - a +0 trident of flaming {polearm}
   (You took it off an orc on level 4 of the Dungeon)
Missiles
 i - 93 stones (quivered) {throwing}
 s - 5 boomerangs {throwing}
Armour
 q - the +2 buckler of Failure (worn) {+Inv Regen+}
   (You acquired it on level 2 of the Dungeon)

   +Inv:      It lets you turn invisible.
   Regen:     It increases your rate of health regeneration.
Jewellery
 c - a ring of magical power
   (You found it on level 5 of the Dungeon)
 l - an amulet of reflection (around mantle)
   (You found it on level 1 of the Dungeon)
 m - a ring of see invisible (left tentacle)
   (You found it on level 1 of the Dungeon)
Wands
 f - a wand of digging (3)
 g - a wand of polymorph (6)
   (You took it off Sigmund on level 6 of the Dungeon)
Scrolls
 b - 3 scrolls of fog
 d - a scroll of magic mapping {!r}
 h - a scroll of enchant armour
 p - 2 scrolls of teleportation {@r4}
 r - a scroll of fear
 u - a scroll of torment {!r}
 w - a scroll of enchant weapon
Potions
 j - 4 potions of curing {@q1}
 n - a potion of haste {@q3}
 t - a potion of degeneration {unknown}
 v - 2 potions of mutation {unknown}
 x - a potion of flight

Dungeon Overview and Level Annotations

Branches:
Dungeon (7/15)
 Temple: D:4-7

Altars:
Dithmenos
Fedhas
Okawaru
Qazlal
Vehumet
The Shining One

Annotations:
D:4 Edmund

............# #.
............# #.
............# #.
............# #.
.....l......# #.
.....g).....# #.
.....Coo.oFo######
##
##########lgg...<#
#@####### #.# #.#
#.# #.# ..# ###


You could see a bullfrog, an iguana, an orc wizard (invisible), 2 gnolls and an
orc.


Message History

You block the gnoll sergeant's attack.
You hit the gnoll sergeant but do no damage.
You constrict the gnoll sergeant, but do no damage.
The orc wizard gestures at you while chanting.
The magic dart hits the orc.
The gnoll sergeant completely misses you.
The orc shouts!
You hit the gnoll sergeant but do no damage.
You constrict the gnoll sergeant. You block the gnoll sergeant's attack.
You barely miss the gnoll sergeant.
You constrict the gnoll sergeant, but do no damage.
You block the gnoll sergeant's attack. The gnoll sergeant blocks your attack.
You constrict the gnoll sergeant.
The gnoll sergeant barely misses you. 😎 MP[+1]
You hit the gnoll sergeant but do no damage.
You squeeze the gnoll sergeant, but do no damage.
You constrict the gnoll sergeant.
The orc wizard mumbles some strange words.
The orc wizard flickers and vanishes for a moment.
You block the gnoll sergeant's attack.
You barely miss the gnoll sergeant. You constrict the gnoll sergeant.
The gnoll sergeant misses you.
You hit the gnoll sergeant but do no damage.
You squeeze the gnoll sergeant, but do no damage.
You flicker for a moment.
You constrict the gnoll sergeant.
The orc wizard points at you and mumbles some strange words.
The orc resists with significant effort.
You block the gnoll sergeant's attack.
The orc shouts!
You hit the gnoll sergeant but do no damage.
You constrict the gnoll sergeant.
You catch the helpless gnoll sergeant completely off-guard!
You puncture the gnoll sergeant!
You kill the gnoll sergeant!
Dithmenos accepts your kill.
You will now sometimes bleed smoke when heavily injured by enemies.
The iguana hisses menacingly.
Your Evocations skill increases to level 2!
You now have 31 max hp (+5).
A bullfrog comes into view.
You block the iguana's attack.
The orc wizard gestures at the cyclops while chanting.
The puff of flame hits the orc!
The orc dies!
Items here: )) [[ †. 😕 HP[+1]
You hit the iguana. You grab the iguana.
You constrict the iguana, but do no damage.
You block the iguana's attack. 😕 HP[+1]
You hit the iguana.
You flicker back into view.
You constrict the iguana, but do no damage.
You block the iguana's attack. The gnoll barely misses you. 😕 HP[+1]
You release your grip on the iguana. 😕 HP[+1]
Okay, then.
Really quaff
k - a potion of berserk rage {!q}?
A red film seems to cover your vision as you go berserk!
You feel yourself moving faster!
You feel mighty! The cyclops hits you! 😮 MP[+1]
You now have 46 max hp (+15).
Your mp is fully restored (7).
You hit the cyclops. You hit the cyclops.
You block the cyclops's attack. 😮 HP[+1]
You puncture the cyclops! 😮 HP[+1]
You puncture the cyclops! You squeeze the cyclops. The cyclops misses you.
You puncture the cyclops! You squeeze the cyclops!
You kill the cyclops!
Dithmenos accepts your kill.
Your life force feels restored.
Your Shields skill gained 2 levels and is now at level 3!
Your Evocations skill increases to level 3!
You have reached level 8! 😨 HP[+5] MP[+1]
You now have 78 max hp (+32).
You regained 5 hp, and now have 37/78 hp.
Your mp is fully restored (8).
You block the iguana's attack.
The gnoll hits you with a +2 whip of electrocution.
* * * LOW HITPOINT WARNING * * *
The gnoll hits you from afar with a +0 spear!
* * * LOW HITPOINT WARNING * * *
Items here: ( )) [[ †. 😨 HP[-12]
You take 12 damage, and now have 25/78 hp.
You hit the gnoll. You grab the gnoll. You squeeze the gnoll.
You constrict the gnoll.
The gnoll hits you with a +2 whip of electrocution.
* * * LOW HITPOINT WARNING * * *
You are electrocuted!
* * * LOW HITPOINT WARNING * * *
The iguana bites you.
* * * LOW HITPOINT WARNING * * *
The gnoll hits you from afar with a +0 spear.
You die...

Skill      XL: |  1  2  3  4  5  6  7 |
---------------+----------------------+-----
Dodging        | 3 5 6 7 8 |  8.5
Evocations     | 3 |  3.4
Shields        | 3 |  3.1
Fighting       | |  3.0
Short Blades   | |  2.0
Stealth        | |  6.6

Action                   |  1- 3 |  4- 6 |  7- 9 || total
-------------------------+-------+-------+-------++-------
Melee: Short sword       |     3 |    56 |   180 ||   239
       Tentacles         |     1 |    15 |    32 ||    48
       Constrict         |     1 |    16 |    53 ||    70
       Punch             |       |       |     4 ||     4
Throw: Stone             |       |       |    22 ||    22
 Abil: Evoke Invisibilit |       |       |     1 ||     1
  Use: Scroll            |     1 |     3 |     8 ||    12
       Potion            |       |     3 |     1 ||     4
 Stab: Sleeping          |     2 |     1 |    32 ||    35
       Distracted        |       |     1 |     1 ||     2
       Fleeing           |       |     1 |       ||     1
       Invisible         |       |       |     3 ||     3
Armor: Skin              |       |     4 |     6 ||    10
Dodge: Dodged            |     1 |    54 |   111 ||   166
Block: Buckler           |       |       |    37 ||    37
       Other             |       |       |    15 ||    15
       Reflection        |       |       |     2 ||     2

Levels and vault maps discovered:
D:1:      minmay_arrival_semitransparent, layout_basic,
          dreamdust_ecumenical_altar_drowned_temple
D:2:      cheibrodos_helix_gallery, layout_basic, minmay_divided_ellipse
D:3:      layout_loops_ring, nicolae_qazlal_general_emergency, wad_orctagon
D:4:      layout_rooms, tso_metal_star, nicolae_ru_the_path_less_chosen,
          temple_green, small_statue_intersection, minivault_26,
          small_statue_alley_b, minmay_ogre_servants, uniq_edmund
D:5:      layout_basic, gammafunk_temple_overflow_pools, lemuel_doored_altar,
          okawaru_gym_becter, minmay_misc_feat_enclosed,
          guppyfry_early_lair_pool
D:6:      layout_basic, chequers_temple_overflow_statue_of_worship, uniq_sigmund
D:7:      layout_loops_cross, gammafunk_ghost_abyssal_escape, minivault_24

Notes
Turn   | Place    | Note
-------+----------+-------------------------------------------
     0 | D:5      | spaghetti the Octopode Delver began the quest for the Orb.
     0 | D:5      | Reached XP level 1. HP: 16/16 MP: 1/1
     0 | D:5      | magus.rc [v1.9.6]
    21 | D:5      | Found a shadowy altar of Dithmenos.
    35 | D:5      | Became a worshipper of Dithmenos the Shadowed
    52 | D:6      | Noticed a hound
    54 | D:6      | Killed a hound
    55 | D:6      | Reached skill level 3 in Dodging
    55 | D:6      | Reached XP level 2. HP: 21/21 MP: 2/2
    55 | D:6      | Reached XP level 3. HP: 26/26 MP: 3/3
    60 | D:7      | Noticed a steam dragon
   208 | D:6      | Noticed Sigmund
   212 | D:6      | Killed Sigmund
   213 | D:6      | Reached skill level 5 in Dodging
   213 | D:6      | Reached XP level 4. HP: 31/31 MP: 4/4
   213 | D:6      | Reached XP level 5. HP: 36/36 MP: 5/5
   323 | D:5      | Noticed a water moccasin
   612 | D:5      | Killed a water moccasin
   613 | D:5      | Reached skill level 6 in Dodging
   613 | D:5      | Reached XP level 6. HP: 26/42 MP: 6/6
   808 | D:5      | Reached skill level 7 in Dodging
   836 | D:5      | Found an iron altar of Okawaru.
   894 | D:4      | Noticed Edmund
  1192 | D:4      | Reached XP level 7. HP: 18/46 MP: 7/7
  1263 | D:4      | Found a glowing golden altar of the Shining One.
  1768 | D:2      | Reached * piety under Dithmenos
  2562 | D:1      | Found a faded altar of an unknown god.
  2904 | D:2      | Identified a scroll of acquirement
  2905 | D:2      | Acquired the +2 buckler of Failure {+Inv Regen+}
  3065 | D:2      | Reached ** piety under Dithmenos
  3080 | D:2      | You pick up a book of Pain and begin reading...
  3080 | D:2      | You add the spells Pain, Agony and Excruciating Wounds to
                  | your library.
  3529 | D:3      | Reached skill level 1 in Evocations
  3535 | D:3      | Reached skill level 1 in Shields
  3539 | D:3      | You pick up a book of Rime and begin reading...
  3539 | D:3      | You add the spells Frozen Ramparts, Ice Form and Summon Ice
                  | Beast to your library.
  3609 | D:3      | Found a stormy altar of Qazlal.
  4029 | D:5      | Found a blossoming altar of Fedhas.
  4029 | D:5      | Found a radiant altar of Vehumet.
  4173 | D:5      | Reached skill level 8 in Dodging
  4348 | D:6      | Noticed a cyclops
  4373 | D:6      | Reached *** piety under Dithmenos
  4374 | D:6      | Reached skill level 2 in Evocations
  4383 | D:6      | Killed a cyclops
  4384 | D:6      | Reached skill level 3 in Shields
  4384 | D:6      | Reached skill level 3 in Evocations
  4384 | D:6      | Reached XP level 8. HP: 37/52 MP: 8/8
  4385 | D:6      | HP: 6/78 [gnoll/+2 whip of electrocution (17)]
  4385 | D:6      | Slain by a gnoll

Vanquished Creatures
  A cyclops (D:6)
  Sigmund (D:6)
  A water moccasin (D:5)
  A gnoll sergeant (D:6)
  2 orc priests (D:5)
  A hound (D:6)
  2 iguanas
  An orc wizard (D:4)
  7 adders
  5 gnolls
  4 dart slugs
  30 orcs
  6 ball pythons
  5 endoplasms
  7 giant cockroaches
  6 goblins
  6 hobgoblins
  2 quokkas
  9 bats
  5 frilled lizards
  9 kobolds
  7 rats
  A spectral hobgoblin (D:1)
119 creatures vanquished.

Vanquished Creatures (others)
  An orc wizard (D:6)
  An orc (D:6)
  2 plants (D:5)
4 creatures vanquished.

Grand Total: 123 creatures vanquished

Table legend:
 A = Non-vault XP
 B = Vault XP
 C = Vault XP percentage of total XP
 D = Non-vault monster count
 E = Vault monster count
 F = Vault count percentage of total count
                 A         B        C        D         E       F
            +---------+---------+-------+---------+---------+-------
      Total |    1291 |     314 |  19.6 |      97 |      22 |  18.5
            +---------+---------+-------+---------+---------+-------
        D:1 |      23 |       1 |   4.2 |      16 |       1 |   5.9
        D:2 |      30 |      62 |  67.4 |      17 |      15 |  46.9
        D:3 |     145 |      12 |   7.6 |      26 |       4 |  13.3
        D:4 |      69 |       0 |   0.0 |      14 |       0 |   0.0
        D:5 |     347 |      13 |   3.6 |      19 |       1 |   5.0
        D:6 |     677 |     226 |  25.0 |       5 |       1 |  16.7
            +---------+---------+-------+---------+---------+-------

Illustrated notes

Table legend:
 A = Kills in this place as a percentage of kills in entire the game.
 B = Kills by you in this place as a percentage of kills by you in the entire game.
 C = Kills by friends in this place as a percentage of kills by friends in the entire game.
 D = Other kills in this place as a percentage of other kills in the entire game.
 E = Experience gained in this place as a percentage of experience gained in the entire game.
 F = Experience gained in this place divided by the number of levels of this place that you have seen.
                   A       B       C       D       E      F
               +-------+-------+-------+-------+-------+----------------------
         Total | 100.0 | 100.0 |   N/A |   N/A | 100.0 | 229.3
       Dungeon | 100.0 | 100.0 |   N/A |   N/A | 100.0 | 229.3
               +-------+-------+-------+-------+-------+----------------------

Table legend: (Time is in decaauts)
 A = Elapsed time spent in this place.
 B = Non-inter-level travel time spent in this place.
 C = Inter-level travel time spent in this place.
 D = Time resting spent in this place.
 E = Time spent auto-exploring this place.
 F = Levels seen in this place.
 G = Mean time per level.
                   A        B        C        D        E       F      G
               +--------+--------+--------+--------+--------+-----+--------+
         Total |   4378 |   4231 |    147 |   1247 |   1954 |   7 |  625.4 |
       Dungeon |   4378 |   4231 |    147 |   1247 |   1954 |   7 |  625.4 |
               +--------+--------+--------+--------+--------+-----+--------+

Top non-repeatable levels by time:
     D:3: 1028 daAuts
     D:2: 898 daAuts
     D:1: 768 daAuts
     D:5: 759 daAuts
     D:6: 496 daAuts
     D:4: 423 daAuts
     D:7: 3 daAuts
